 Dungeon Crawl Stone Soup version 0.30-a0-824-g6c64550be9 (webtiles) character file.

Game seed: 8231816724488327504

212 Wobber the Slasher (level 5, -1/41 HPs)
             Began as a Demigod Wanderer on Feb 27, 2023.
             Slain by a river rat (8 damage)
             ... in a sewer.
             The game lasted 00:13:56 (2661 turns).

Wobber the Slasher (Demigod Wanderer)               Turns: 2661, Time: 00:13:57

Health: -1/41      AC:  3    Str: 11    XL:     5   Next: 31%
Magic:  0/10       EV: 12    Int: 18    God:
Gold:   39         SH:  0    Dex: 15    Spells: 3/7 levels left

rFire   . . .      SeeInvis .    a - +2 falchion
rCold   . . .      Faith    .    (no shield)
rNeg    . . .      Spirit   .    d - +0 robe
rPois   +          Reflect  .    b - +0 helmet
rElec   .          Harm     .    (no cloak)
rCorr   .          Rampage  .    (no gloves)
Will    .....                    (no boots)
Stlth   +                        (no amulet)
HPRegen 0.26/turn                p - ring of poison resistance
MPRegen 0.12/turn                (no ring)

@: very slow
A: high MP 1, forlorn, divine attributes
a: no special abilities


You were in a sewer.
You visited 1 branch of the dungeon, and saw 3 of its levels.
You also visited: Sewer.

You collected 169 gold pieces.
You spent 130 gold pieces at shops.

Inventory:

Hand Weapons
 a - a +2 falchion (weapon)
 j - a +2 heavy spear
 o - a +0 long sword
Missiles
 u - 4 poisoned darts
Armour
 b - a +0 helmet (worn)
 d - a +0 robe (worn)
Magical Staves
 h - a staff of death
Jewellery
 p - a ring of poison resistance (left hand)
Scrolls
 g - 2 scrolls of blinking
 i - a scroll of amnesia {unknown}
 k - 2 scrolls of poison
 n - a scroll of teleportation {unknown}
 r - a scroll of enchant weapon {unknown}
 t - a scroll of identify
Potions
 c - 5 potions of haste
 e - a potion of brilliance
 f - 3 potions of curing
 l - a potion of attraction
 m - a potion of cancellation
 q - 2 potions of heal wounds
 s - a potion of degeneration {unknown}


   Skills:
 + Level 2.1 Fighting
 - Level 3.6 Long Blades
 - Level 1.0 Armour
 + Level 1.5 Dodging
 - Level 1.7 Stealth
 + Level 1.8 Spellcasting
 * Level 2.3 Conjurations
 * Level 2.6 Earth Magic


You had 3 spell levels left.
You knew the following spells:

 Your Spells              Type           Power      Damage    Failure   Level
a - Sandblast             Erth           22%        2d7       6%          1
b - Stone Arrow           Conj/Erth      20%        3d8       21%         3

Your spell library contained the following spells:

 Spells                   Type           Power      Damage    Failure   Level
 Lesser Beckoning         Tloc           2%         N/A       28%         2
 Gell's Gravitas          Tloc           1%         N/A       50%         3
 Teleport Other           Tloc           1%         N/A       50%         3
 Iskenderun's Battlesphe  Conj           10%        2d6       88%         5
 Fireball                 Conj/Fire      2%         3d4       97%         5
 Conjure Ball Lightning   Conj/Air       2%         3x3d6     100%        6
 Orb of Destruction       Conj           5%         9d5       100%        7


Dungeon Overview and Level Annotations

Branches:
Dungeon (3/15)              Sewer (1/1)

Shops:
D:2 !:=


Innate Abilities, Weirdness & Mutations

You have an increased reservoir of magic. (+10% MP)
You shall have no god before yourself.
Your divine heritage dramatically boosts your attributes as you level up.


Message History

The rat splashes around in the water.
The river rat barely misses you. The rat closely misses you.
You hit the rat.
You kill the rat!
The rat bites you. The river rat closely misses you.
You closely miss the rat. The rat barely misses you. The river rat bites you.
The rat splashes around in the water.
You slash the rat!
You kill the rat!
The river rat bites you!
* * * LOW HITPOINT WARNING * * *
You feel better. The river rat bites you.
* * * LOW HITPOINT WARNING * * *
You are too injured to fight recklessly!
Casting: Sandblast (safe; 6% risk of failure)
Confirm with . or Enter, or press ? or * to list all spells.
Aiming: Sandblast (safe; 6% risk of failure)
Press: ? - help, Shift-Dir - straight line, f - river rat
Aim: a river rat (80% to hit)
The blast of sand hits the river rat but does no damage.
The river rat closely misses you. x2
Your unstable footing causes you to fumble your attack.
The river rat bites you but does no damage.
Press: ? - help, v - describe, . - travel
Here: a river rat Some shallow water.
You closely miss the river rat. The river rat misses you.
You barely miss the river rat.
The river rat bites you but does no damage.
Casting: Sandblast (safe; 6% risk of failure)
Confirm with . or Enter, or press ? or * to list all spells.
Aiming: Sandblast (safe; 6% risk of failure)
Press: ? - help, Shift-Dir - straight line, f/p - river rat
Aim: a river rat (80% to hit)
The blast of sand hits the river rat but does no damage.
The river rat bites you.
* * * LOW HITPOINT WARNING * * *
The river rat barely misses you.
You closely miss the river rat. The river rat bites you!
You die...

. ################### ...
###.#≈~≈≈≈≈≈≈≈#~~≈≈≈#....
#...~~~~≈≈≈≈~~~~@r≈~~....
....~≈≈≈~~~≈~)~≈†~≈~~....
....~≈≈~≈~~~~.~≈≈≈~~~....
....~~≈≈~~≈~~~~≈≈~≈≈~...#
.....~≈≈≈≈~~≈~≈≈≈≈≈≈..###
...####################
†.#### †.#..# ..'..#


You could see a river rat.

Vanquished Creatures
  A hound (D:2)
  5 adders
  5 river rats
  A dart slug (D:1)
  5 worms
  7 endoplasms
  4 goblins
  3 hobgoblins
  3 jackals (D:1)
  4 quokkas
  10 ball pythons
  7 bats
  6 frilled lizards
  6 kobolds
  23 rats
90 creatures vanquished.

Notes
Turn   | Place    | Note
-------+----------+-------------------------------------------
     0 | D:1      | Wobber the Demigod Wanderer began the quest for the Orb.
     0 | D:1      | Wobber set off with the following items: a +2 falchion, a
                  | +0 helmet, a potion of haste, a +0 robe; and the following
                  | spell memorised: Sandblast; and the following spells
                  | available to memorise: Stone Arrow.
     0 | D:1      | Reached XP level 1. HP: 16/16 MP: 4/4
   197 | D:1      | Reached XP level 2. HP: 12/23 MP: 0/6
  1054 | D:2      | Reached skill level 1 in Conjurations
  1054 | D:2      | Reached XP level 3. HP: 28/28 MP: 2/7
  1164 | D:2      | Found Mejag's Book Emporium.
  1309 | D:2      | Reached skill level 1 in Dodging
  1309 | D:2      | Reached XP level 4. HP: 28/36 MP: 6/8
  1350 | D:2      | Found Hiew Saa's Jewellery Shoppe.
  1356 | D:2      | Learned a level 3 spell: Stone Arrow
  1376 | D:2      | Found Yhub's Distillery.
  1826 | D:2      | Bought a potion of heal wounds for 65 gold pieces
  1826 | D:2      | Bought a potion of heal wounds for 65 gold pieces
  2236 | D:3      | Found a glowing drain.
  2266 | Sewer    | Entered a sewer
  2283 | Sewer    | Reached XP level 5. HP: 41/41 MP: 7/10
  2661 | Sewer    | Slain by a river rat

Illustrated notes

Levels and vault maps discovered:
D:1:      psy_arrival_wood_between_worlds, layout_loops_ring
D:2:      layout_loops_ring, serial_shops, shop_statue, nicolae_shop_stone,
          shop, basic_altar
D:3:      layout_basic, lightli_sewer_entry_pipes
Sewer:    sewer_minmay_w

Skill      XL: |  1  2  3  4  5 |
---------------+----------------+-----
Conjurations   | 1 2 |  2.3
Dodging        | 1 |  1.5
Earth Magic    | 2 |  2.6
Fighting       | 2 |  2.1
Long Blades    | |  3.6
Armour         | |  1.0
Stealth        | |  1.7
Spellcasting   | |  1.8

Action                     |  1- 3 |  4- 6 || total
---------------------------+-------+-------++-------
  Melee: Falchion          |    48 |    41 ||    89
   Cast: Sandblast         |    46 |    77 ||   123
    Use: Scroll            |       |     6 ||     6
         Potion            |       |     2 ||     2
 Armour: Robe              |    20 |    27 ||    47
  Dodge: Dodged            |    41 |   100 ||   141

Table legend: (Time is in decaauts)
 A = Elapsed time spent in this place.
 B = Non-inter-level travel time spent in this place.
 C = Inter-level travel time spent in this place.
 D = Time resting spent in this place.
 E = Time spent auto-exploring this place.
 F = Levels seen in this place.
 G = Mean time per level.
                   A        B        C        D        E       F      G
               +--------+--------+--------+--------+--------+-----+--------+
         Total |   2774 |   2702 |     72 |    433 |   1477 |   4 |  693.5 |
       Dungeon |   2320 |   2248 |     72 |    217 |   1456 |   3 |  773.3 |
         Sewer |    453 |    453 |      0 |    216 |     21 |   1 |  453.0 |
               +--------+--------+--------+--------+--------+-----+--------+

Top non-repeatable levels by time:
     D:1: 1065 daAuts
     D:2: 894 daAuts
   Sewer: 453 daAuts
     D:3: 361 daAuts
